Rochester Americans vs Sherbrooke Phoenix

Created - 16 mars 2018 at 18:25

Goals
1 2 3 T
Rochester Americans 0 2 2 4
Sherbrooke Phoenix 0 1 2 3
Shots
1 2 3 T
Rochester Americans 4 17 12 33
Sherbrooke Phoenix 2 14 11 27

1st period

No Goal

Penalties :
Steven Kampfer (AMR) for Hooking (Minor) at 16:52

2nd period

1. Sherbrooke Phoenix , Francis Perron 16 (Troy Bourke 8, Antoine Bibeau) at 6:56
2. Rochester Americans , Brock McGinn 25 (Peter Holland 63) at 14:42
3. Rochester Americans , Brock McGinn 26 (Brett Lernout 30, Steven Kampfer 27) at 15:18 (PP)

Penalties :
Andreas Martinsen (AMR) for Tripping (Minor) at 0:09, Garrett Mitchell (PHO) for Holding (Minor) at 4:08, Brandon Mashinter (PHO) for High sticking (Minor) at 14:49

3rd period

4. Rochester Americans , Peter Holland 60 (Brett Lernout 31, Andreas Martinsen 29) at 4:07
5. Sherbrooke Phoenix , Tommy Cross 2 (Jordan Subban 37, Casey Bailey 60) at 8:35
6. Rochester Americans , Andreas Martinsen 22 (Peter Holland 64, Brock McGinn 52) at 9:28
7. Sherbrooke Phoenix , Pascal Pelletier 16 (Jordan Subban 38, Tommy Cross 26) at 11:20

Penalties :
No Penalty

Goalie Stats

David Rittich (AMR), 24 saves from 27 shots - (0,889), W, 38-19-7, 60:00 minutes
Antoine Bibeau (PHO), 29 saves from 33 shots - (0,879), L, 11-13-2, 59:27 minutes

Players Stats for Rochester Americans

Player Name              G  A  P  +/- PIM S  H  SB GA TA FO     MP     PP MP  PK MP  
------------------------------------------------------------------------------------
Adam Tambellini          0  0  0  -1  0   0  2  0  0  0  2/5     9:57   0:00   1:08 
Alex Broadhurst          0  0  0   0  0   0  1  0  0  0  0/0     4:52   0:00   0:00 
Andreas Martinsen        1  1  2   2  2   4  2  0  0  0  0/1    19:47   1:21   0:46 
Anton Blidh              0  0  0   0  0   1  3  0  1  1  0/0    13:48   0:00   0:00 
Austin Carroll           0  0  0   0  0   1  2  0  0  0  1/1    12:34   0:00   0:00 
Brett Lernout            0  2  2   3  0   3  2  2  0  0  0/0    24:41   1:30   2:31 
Brock McGinn             2  1  3   1  0   6  4  1  0  0  3/6    23:15   1:21   2:18 
Dominik Masin            0  0  0  -2  0   2  1  0  0  0  0/0    12:59   0:00   0:05 
Keaton Thompson          0  0  0  -2  0   0  1  0  0  0  0/0    13:45   0:00   0:55 
Luke Kunin               0  0  0   0  0   4  3  0  1  0  1/4    13:15   0:00   0:00 
Markus Nutivaara         0  0  0  -1  0   1  0  0  1  3  0/0    22:41   0:58   1:39 
Michael Chaput           0  0  0  -1  0   1  2  1  1  0  3/11   17:35   1:07   1:22 
Peter Holland            1  2  3   2  0   6  1  1  2  0  12/19  20:47   1:21   2:22 
Philip Samuelsson        0  0  0  -1  0   0  1  0  0  0  0/0    22:29   0:58   1:27 
Seth Griffith            0  0  0  -1  0   2  3  0  1  0  0/0    16:14   1:07   0:00 
Steven Kampfer           0  1  1   3  2   1  2  1  0  3  0/0    23:49   1:30   1:19 
Tim Bozon                0  0  0  -1  0   0  2  0  0  0  0/0     7:20   0:00   0:00 
Tyler Bertuzzi           0  0  0  -1  0   1  3  0  2  0  0/0    16:12   1:07   0:00 

Players Stats for Sherbrooke Phoenix

Player Name              G  A  P  +/- PIM S  H  SB GA TA FO     MP     PP MP  PK MP  
------------------------------------------------------------------------------------
Blake Siebenaler         0  0  0  -1  0   0  0  0  0  1  0/0    11:27   0:00   0:00 
Brad Malone              0  0  0  -1  0   2  2  0  1  0  7/8    20:02   1:53   0:42 
Brandon Mashinter        0  0  0  -1  2   4  1  0  2  2  0/0    23:27   1:59   1:08 
Casey Bailey             0  1  1   0  0   2  0  0  2  1  14/30  25:17   1:59   1:35 
Chris Carlisle           0  0  0   0  0   0  0  0  0  0  0/0     5:48   0:00   0:00 
Conner Bleackley         0  0  0   0  0   0  0  1  0  0  2/3    10:18   0:00   0:00 
Daniel Zaar              0  0  0  -1  0   1  1  0  1  0  0/0    13:44   1:59   0:00 
Dylan Labbe              0  0  0   0  0   0  0  0  0  0  0/0     5:48   0:00   0:00 
Francis Perron           1  0  1   0  0   2  0  0  0  0  0/0    11:01   0:00   0:00 
Garrett Mitchell         0  0  0  -1  2   1  1  0  0  0  0/0    20:13   1:53   0:00 
Jordan Subban            0  2  2   0  0   3  1  0  0  1  0/0    24:30   2:34   1:44 
Julius Bergman           0  0  0   1  0   0  1  4  0  2  0/0    18:15   1:24   0:44 
Justin Florek            0  0  0   2  0   1  0  1  0  2  0/0    13:35   0:06   0:00 
Max Friberg              0  0  0  -1  0   5  1  0  1  0  0/0    19:49   1:53   0:26 
Mike Weber               0  0  0   1  0   1  1  3  0  0  0/0    18:15   1:24   0:44 
Nic Dowd                 0  0  0   0  0   0  0  0  0  0  0/0     0:54   0:06   0:00 
Pascal Pelletier         1  0  1   2  0   3  1  0  0  0  2/6    13:57   0:00   1:05 
Tommy Cross              1  1  2   0  0   2  2  1  0  0  0/0    24:30   2:34   1:44 
Tommy Hughes             0  0  0  -1  0   0  0  0  0  0  0/0    11:27   0:00   0:00 
Troy Bourke              0  1  1   1  0   0  0  0  0  0  0/0     5:13   0:06   0:00 

3 Stars

1 - Brock McGinn (AMR)
2 - Peter Holland (AMR)
3 - Brett Lernout (AMR)

Power Play

Rochester Americans - 1 on 2 Attempt(s) - 50,00%
Sherbrooke Phoenix - 0 on 2 Attempt(s) - 0,00%

Penalty Kill

Rochester Americans - 2 on 2 Attempt(s) - 100,00% - Score 0 goal in Penalty Kill
Sherbrooke Phoenix - 1 on 2 Attempt(s) - 50,00% - Score 0 goal in Penalty Kill

Team Stat

Rochester Americans - Hits : 35 - Faceoff Wins : 22 - Blocked Shots : 6 - Penalty Minutes : 4
Sherbrooke Phoenix - Hits : 12 - Faceoff Wins : 25 - Blocked Shots : 10 - Penalty Minutes : 4

Official

Referees : Francis Charron and Tim Peel
Linesman : Thor Nelson and Shandor Alphonso

Game Notes

No Game Note

Finance

Level 1 -- Attendance: 1444 (72,20%) -- Ticket Income 57 760 $
Level 2 -- Attendance: 796 (79,60%) -- Ticket Income 15 920 $
Total Attendance: 2240 (74,67%)
Total Ticket Income: 73 680 $
Other Income: 36 103 $
Total Income: 109 783 $

Rochester Americans

5 vs 5 Forward 
   Center                   Left Wing                Right Wing               Time % Phy DF OF 
 1 Peter Holland            Brock McGinn             Andreas Martinsen        40     1   2  2  
 2 Michael Chaput           Tyler Bertuzzi           Seth Griffith            30     1   2  2  
 3 Luke Kunin               Anton Blidh              Austin Carroll           20     1   2  2  
 4 Adam Tambellini          Tim Bozon                Brock McGinn             10     1   2  2  

5 vs 5 Defense 
   Defense                  Defense                                           Time % Phy DF OF 
 1 Steven Kampfer           Brett Lernout                                     40     1   2  2  
 2 Markus Nutivaara         Philip Samuelsson                                 30     1   2  2  
 3 Dominik Masin            Keaton Thompson                                   20     1   2  2  
 4 Steven Kampfer           Brett Lernout                                     10     1   2  2  

PowerPlay Forward 
   Center                   Left Wing                Right Wing               Time % Phy DF OF 
 1 Peter Holland            Brock McGinn             Andreas Martinsen        60     1   2  2  
 2 Michael Chaput           Tyler Bertuzzi           Seth Griffith            40     1   2  2  

PowerPlay Defense
   Defense                  Defense                                           Time % Phy DF OF 
 1 Steven Kampfer           Brett Lernout                                     60     1   2  2  
 2 Markus Nutivaara         Philip Samuelsson                                 40     1   2  2  

Penalty Kill 4 Players Forward 
   Center                   Wing                     Time % Phy DF OF 
 1 Brock McGinn             Peter Holland            60     1   2  2  
 2 Michael Chaput           Andreas Martinsen        40     1   2  2  

Penalty Kill 4 Players Defense
   Defense                  Defense                  Time % Phy DF OF 
 1 Steven Kampfer           Brett Lernout            60     1   2  2  
 2 Markus Nutivaara         Philip Samuelsson        40     1   2  2  

Penalty Kill - 3 Players Forward 
   Forward                                           Time % Phy DF OF 
 1 Brock McGinn                                      60     1   2  2  
 2 Peter Holland                                     40     1   2  2  

Penalty Kill - 3 Players Defense
   Defense                  Defense                  Time % Phy DF OF 
 1 Steven Kampfer           Brett Lernout            60     1   2  2  
 2 Markus Nutivaara         Philip Samuelsson        40     1   2  2  

4 vs 4 Forward 
   Center                   Wing                     Time % Phy DF OF 
 1 Brock McGinn             Peter Holland            60     1   2  2  
 2 Michael Chaput           Andreas Martinsen        40     1   2  2  

4 vs 4 Defense
   Defense                  Defense                  Time % Phy DF OF 
 1 Steven Kampfer           Brett Lernout            60     1   2  2  
 2 Markus Nutivaara         Philip Samuelsson        40     1   2  2  

Last Minutes Offensive
   Center                   Left Wing                Right Wing               Defense                  Defense                  
   Peter Holland            Brock McGinn             Andreas Martinsen        Steven Kampfer           Brett Lernout            

Last Minutes Defensive
   Center                   Left Wing                Right Wing               Defense                  Defense                  
   Peter Holland            Brock McGinn             Andreas Martinsen        Steven Kampfer           Brett Lernout            

Goaltenders
Starting : David Rittich            
Backup : Andrew Hammond           

Extra Forwards
Normal : Alex Broadhurst, Luke Kunin, Adam Tambellini - PP : Alex Broadhurst, Luke Kunin - PK : Adam Tambellini
Extra Defensemen
Normal : Dominik Masin, Keaton Thompson, Markus Nutivaara - PP : Dominik Masin - PK : Keaton Thompson, Markus Nutivaara
Penalty Shots
Brock McGinn, Peter Holland, Michael Chaput, Andreas Martinsen, Tyler Bertuzzi

Scratches
Sam Jardine (Healthy), Jarred Tinordi (Healthy), Joe Morrow (Healthy), Linus Arnesson (Healthy), Mason Geertsen (Healthy)

Sherbrooke Phoenix

5 vs 5 Forward 
   Center                   Left Wing                Right Wing               Time % Phy DF OF 
 1 Casey Bailey             Brandon Mashinter        Daniel Zaar              40     1   2  2  
 2 Brad Malone              Max Friberg              Garrett Mitchell         30     1   2  2  
 3 Pascal Pelletier         Justin Florek            Casey Bailey             20     1   2  2  
 4 Conner Bleackley         Francis Perron           Brandon Mashinter        10     1   2  2  

5 vs 5 Defense 
   Defense                  Defense                                           Time % Phy DF OF 
 1 Tommy Cross              Jordan Subban                                     40     1   2  2  
 2 Mike Weber               Julius Bergman                                    30     1   2  2  
 3 Blake Siebenaler         Tommy Hughes                                      20     1   2  2  
 4 Chris Carlisle           Dylan Labbe                                       10     1   2  2  

PowerPlay Forward 
   Center                   Left Wing                Right Wing               Time % Phy DF OF 
 1 Casey Bailey             Brandon Mashinter        Daniel Zaar              60     1   2  2  
 2 Brad Malone              Max Friberg              Garrett Mitchell         40     1   2  2  

PowerPlay Defense
   Defense                  Defense                                           Time % Phy DF OF 
 1 Tommy Cross              Jordan Subban                                     60     1   2  2  
 2 Mike Weber               Julius Bergman                                    40     1   2  2  

Penalty Kill 4 Players Forward 
   Center                   Wing                     Time % Phy DF OF 
 1 Casey Bailey             Brandon Mashinter        60     1   2  2  
 2 Max Friberg              Brad Malone              40     1   2  2  

Penalty Kill 4 Players Defense
   Defense                  Defense                  Time % Phy DF OF 
 1 Tommy Cross              Jordan Subban            60     1   2  2  
 2 Mike Weber               Julius Bergman           40     1   2  2  

Penalty Kill - 3 Players Forward 
   Forward                                           Time % Phy DF OF 
 1 Casey Bailey                                      60     1   2  2  
 2 Brandon Mashinter                                 40     1   2  2  

Penalty Kill - 3 Players Defense
   Defense                  Defense                  Time % Phy DF OF 
 1 Tommy Cross              Jordan Subban            60     1   2  2  
 2 Mike Weber               Julius Bergman           40     1   2  2  

4 vs 4 Forward 
   Center                   Wing                     Time % Phy DF OF 
 1 Casey Bailey             Brandon Mashinter        60     1   2  2  
 2 Max Friberg              Brad Malone              40     1   2  2  

4 vs 4 Defense
   Defense                  Defense                  Time % Phy DF OF 
 1 Tommy Cross              Jordan Subban            60     1   2  2  
 2 Mike Weber               Julius Bergman           40     1   2  2  

Last Minutes Offensive
   Center                   Left Wing                Right Wing               Defense                  Defense                  
   Casey Bailey             Brandon Mashinter        Daniel Zaar              Tommy Cross              Jordan Subban            

Last Minutes Defensive
   Center                   Left Wing                Right Wing               Defense                  Defense                  
   Casey Bailey             Brandon Mashinter        Daniel Zaar              Tommy Cross              Jordan Subban            

Goaltenders
Starting : Antoine Bibeau           
Backup : Vitek Vanecek            

Extra Forwards
Normal : Troy Bourke, Justin Florek, Pascal Pelletier - PP : Troy Bourke, Justin Florek - PK : Pascal Pelletier
Extra Defensemen
Normal : Blake Siebenaler, Tommy Hughes, Chris Carlisle - PP : Blake Siebenaler - PK : Tommy Hughes, Chris Carlisle
Penalty Shots
Casey Bailey, Brandon Mashinter, Max Friberg, Brad Malone, Justin Florek

Scratches
Mac Bennett (Healthy), Brandon Alderson (Healthy)

% Time on Ice - Rochester Americans

Lines # - Real PCT - Wanted PCT - Time Play
Normal Forward
1 - 31% - 40% - 16:13
2 - 31% - 30% - 16:13
3 - 24% - 20% - 12:34
4 - 14% - 10% - 7:20
Normal Defense
1 - 35% - 40% - 18:27
2 - 36% - 30% - 18:50
3 - 25% - 20% - 12:50
4 - 4% - 10% - 2:13
PP Forward
1 - 55% - 60% - 1:21
2 - 45% - 40% - 1:07
PP Defense
1 - 61% - 60% - 1:30
2 - 39% - 40% - 0:58
PK Forward
1 - 66% - 60% - 2:36
2 - 34% - 40% - 1:22
PK Defense
1 - 63% - 60% - 2:31
2 - 37% - 40% - 1:27
PK3 Forward
1 - 0% - 60%
2 - 0% - 40%
PK3 Defense
1 - 0% - 60%
2 - 0% - 40%
44 Forward
1 - 0% - 60%
2 - 0% - 40%
44 Defense
1 - 0% - 60%
2 - 0% - 40%
Last Minute Offensive  - 0:00
Last Minute Defensive  - 1:14
Total
Forward - 60:00
Defense - 60:00

% Time on Ice - Sherbrooke Phoenix

Lines # - Real PCT - Wanted PCT - Time Play
Normal Forward
1 - 22% - 40% - 11:22
2 - 36% - 30% - 18:58
3 - 22% - 20% - 11:42
4 - 20% - 10% - 10:18
Normal Defense
1 - 39% - 40% - 20:12
2 - 31% - 30% - 16:07
3 - 20% - 20% - 10:13
4 - 11% - 10% - 5:48
PP Forward
1 - 53% - 60% - 2:05
2 - 47% - 40% - 1:53
PP Defense
1 - 65% - 60% - 2:34
2 - 35% - 40% - 1:24
PK Forward
1 - 82% - 60% - 2:02
2 - 18% - 40% - 0:26
PK Defense
1 - 70% - 60% - 1:44
2 - 30% - 40% - 0:44
PK3 Forward
1 - 0% - 60%
2 - 0% - 40%
PK3 Defense
1 - 0% - 60%
2 - 0% - 40%
44 Forward
1 - 0% - 60%
2 - 0% - 40%
44 Defense
1 - 0% - 60%
2 - 0% - 40%
Last Minute Offensive  - 1:14
Last Minute Defensive  - 0:00
Total
Forward - 60:00
Defense - 60:00

Play by Play

1st period


0:01 of 1st period - Casey Bailey wins face-off versus Peter Holland in neutral zone.
0:39 of 1st period - Wrist shot by Brad Malone.
0:39 of 1st period - Stopped by David Rittich with a rebound.
0:56 of 1st period - Francis Perron is hit by Luke Kunin and loses puck.
1:05 of 1st period - Brandon Mashinter is hit by Luke Kunin and loses puck.
1:35 of 1st period - Garrett Mitchell is hit by Brock McGinn.
1:55 of 1st period - Slapshot by Luke Kunin.
1:55 of 1st period - Stopped by Antoine Bibeau with a rebound.
3:21 of 1st period - Troy Bourke is hit by Adam Tambellini and loses puck.
3:32 of 1st period - Brad Malone is hit by Alex Broadhurst and loses puck.
3:51 of 1st period - Slapshot by Luke Kunin.
3:51 of 1st period - Stopped by Antoine Bibeau with a rebound.
4:01 of 1st period - Brad Malone is hit by Tim Bozon and loses puck.
4:30 of 1st period - Conner Bleackley is hit by Luke Kunin and loses puck.
5:28 of 1st period - Off-side.
5:29 of 1st period - Conner Bleackley wins face-off versus Adam Tambellini in neutral zone.
5:39 of 1st period - Icing by Markus Nutivaara.
5:40 of 1st period - Adam Tambellini wins face-off versus Casey Bailey in Rochester Americans zone.
6:05 of 1st period - Brock McGinn is hit by Jordan Subban and loses puck.
6:28 of 1st period - Wrist shot by Casey Bailey.
6:28 of 1st period - Shot Blocked by Michael Chaput.
7:54 of 1st period - Julius Bergman is hit by Brett Lernout and loses puck.
9:32 of 1st period - Brad Malone is hit by Tyler Bertuzzi and loses puck.
10:39 of 1st period - Blake Siebenaler is hit by Anton Blidh and loses puck.
10:58 of 1st period - Brock McGinn is hit by Mike Weber.
11:50 of 1st period - Conner Bleackley is hit by Adam Tambellini.
11:54 of 1st period - Troy Bourke is hit by Steven Kampfer and loses puck.
12:04 of 1st period - Icing by Tim Bozon.
12:05 of 1st period - Casey Bailey wins face-off versus Adam Tambellini in Rochester Americans zone.
12:43 of 1st period - Wrist shot by Brandon Mashinter.
12:43 of 1st period - Shot Misses the Net.
13:22 of 1st period - Slapshot by Peter Holland.
13:22 of 1st period - Shot Misses the Net.
13:24 of 1st period - Slapshot by Brett Lernout.
13:24 of 1st period - Stopped by Antoine Bibeau with a rebound.
13:26 of 1st period - Slapshot by Steven Kampfer.
13:26 of 1st period - Shot Misses the Net.
13:28 of 1st period - Slapshot by Brett Lernout.
13:28 of 1st period - Shot Misses the Net.
13:30 of 1st period - Snap shot by Brock McGinn.
13:30 of 1st period - Stopped by Antoine Bibeau without a rebound.
13:31 of 1st period - Casey Bailey wins face-off versus Michael Chaput in Sherbrooke Phoenix zone.
13:31 of 1st period - Casey Bailey is hit by Tyler Bertuzzi.
15:41 of 1st period - Casey Bailey is hit by Tim Bozon and loses puck.
16:34 of 1st period - Off-side.
16:35 of 1st period - Peter Holland wins face-off versus Brad Malone in neutral zone.
16:52 of 1st period - Minor Penalty to Steven Kampfer for Hooking.
16:53 of 1st period - Casey Bailey wins face-off versus Brock McGinn in Rochester Americans zone.
18:52 of 1st period - Penalty to Steven Kampfer is over, Steven Kampfer is back on ice.
19:03 of 1st period - Troy Bourke is hit by Steven Kampfer and loses puck.
19:10 of 1st period - Blake Siebenaler is hit by Andreas Martinsen and loses puck.
19:37 of 1st period - Wrist shot by Nic Dowd.
19:37 of 1st period - Shot Misses the Net.
19:39 of 1st period - Wrist shot by Justin Florek.
19:39 of 1st period - Stopped by David Rittich without a rebound.
19:40 of 1st period - Michael Chaput wins face-off versus Casey Bailey in Rochester Americans zone.
19:42 of 1st period - Icing by Seth Griffith.
19:43 of 1st period - Casey Bailey wins face-off versus Michael Chaput in Rochester Americans zone.
Goals for this period are 0 for Rochester Americans vs 0 for Sherbrooke Phoenix.
Shots for this period are 4 for Rochester Americans vs 2 for Sherbrooke Phoenix.

2nd period


0:01 of 2nd period - Brock McGinn wins face-off versus Casey Bailey in neutral zone.
0:09 of 2nd period - Minor Penalty to Andreas Martinsen for Tripping.
0:10 of 2nd period - Casey Bailey wins face-off versus Brock McGinn in Rochester Americans zone.
0:24 of 2nd period - Snap shot by Casey Bailey.
0:24 of 2nd period - Shot Misses the Net.
0:26 of 2nd period - Slapshot by Tommy Cross.
0:26 of 2nd period - Shot Misses the Net.
0:42 of 2nd period - Steven Kampfer is hit by Garrett Mitchell.
0:58 of 2nd period - Peter Holland is hit by Brad Malone and loses puck.
1:09 of 2nd period - Snap shot by Brad Malone.
1:09 of 2nd period - Shot Misses the Net.
1:25 of 2nd period - Snap shot by Brad Malone.
1:25 of 2nd period - Deflect By Max Friberg.
1:25 of 2nd period - Stopped by David Rittich without a rebound.
1:26 of 2nd period - Casey Bailey wins face-off versus Michael Chaput in Rochester Americans zone.
1:27 of 2nd period - Slapshot by Daniel Zaar.
1:27 of 2nd period - Shot Misses the Net.
1:29 of 2nd period - Snap shot by Brandon Mashinter.
1:29 of 2nd period - Shot Blocked by Brett Lernout.
1:31 of 2nd period - Wrist shot by Brandon Mashinter.
1:31 of 2nd period - Stopped by David Rittich without a rebound.
1:32 of 2nd period - Brock McGinn wins face-off versus Casey Bailey in Rochester Americans zone.
2:04 of 2nd period - Wrist shot by Daniel Zaar.
2:04 of 2nd period - Stopped by David Rittich without a rebound.
2:05 of 2nd period - Brad Malone wins face-off versus Brock McGinn in Rochester Americans zone.
2:08 of 2nd period - Slapshot by Brad Malone.
2:08 of 2nd period - Shot Misses the Net.
2:09 of 2nd period - Penalty to Andreas Martinsen is over, Andreas Martinsen is back on ice.
2:22 of 2nd period - Wrist shot by Andreas Martinsen.
2:22 of 2nd period - Stopped by Antoine Bibeau with a rebound.
3:46 of 2nd period - Conner Bleackley is hit by Tyler Bertuzzi and loses puck.
4:08 of 2nd period - Minor Penalty to Garrett Mitchell for Holding.
4:09 of 2nd period - Casey Bailey wins face-off versus Michael Chaput in Sherbrooke Phoenix zone.
5:08 of 2nd period - Slapshot by Max Friberg.
5:08 of 2nd period - Deflect By Brad Malone.
5:08 of 2nd period - Shot Misses the Net.
5:08 of 2nd period - Puck is out of play.
5:09 of 2nd period - Casey Bailey wins face-off versus Michael Chaput in Rochester Americans zone.
5:18 of 2nd period - Jordan Subban is hit by Peter Holland and loses puck.
5:57 of 2nd period - Backhand shot by Pascal Pelletier.
5:57 of 2nd period - Stopped by David Rittich with a rebound.
6:08 of 2nd period - Penalty to Garrett Mitchell is over, Garrett Mitchell is back on ice.
6:36 of 2nd period - Snap shot by Max Friberg.
6:36 of 2nd period - Stopped by David Rittich with a rebound.
6:56 of 2nd period - Wrist shot by Francis Perron.
6:56 of 2nd period - Goal by Francis Perron - Rochester Americans : 0 - Sherbrooke Phoenix : 1.
6:57 of 2nd period - Brad Malone wins face-off versus Peter Holland in neutral zone.
7:06 of 2nd period - Snap shot by Max Friberg.
7:06 of 2nd period - Deflect By Garrett Mitchell.
7:06 of 2nd period - Shot Misses the Net.
7:06 of 2nd period - Puck is out of play.
7:07 of 2nd period - Brad Malone wins face-off versus Peter Holland in Rochester Americans zone.
7:08 of 2nd period - Snap shot by Max Friberg.
7:08 of 2nd period - Stopped by David Rittich without a rebound.
7:09 of 2nd period - Casey Bailey wins face-off versus Peter Holland in Rochester Americans zone.
7:10 of 2nd period - Snap shot by Brandon Mashinter.
7:10 of 2nd period - Shot Misses the Net.
7:12 of 2nd period - Slapshot by Casey Bailey.
7:12 of 2nd period - Stopped by David Rittich with a rebound.
7:14 of 2nd period - Slapshot by Jordan Subban.
7:14 of 2nd period - Stopped by David Rittich without a rebound.
7:15 of 2nd period - Peter Holland wins face-off versus Casey Bailey in Rochester Americans zone.
8:04 of 2nd period - Wrist shot by Luke Kunin.
8:04 of 2nd period - Deflect By Anton Blidh.
8:04 of 2nd period - Shot Misses the Net.
8:04 of 2nd period - Puck is out of play.
8:05 of 2nd period - Pascal Pelletier wins face-off versus Luke Kunin in Sherbrooke Phoenix zone.
9:18 of 2nd period - Wrist shot by Brock McGinn.
9:18 of 2nd period - Stopped by Antoine Bibeau with a rebound.
9:28 of 2nd period - Pascal Pelletier is hit by Austin Carroll and loses puck.
9:43 of 2nd period - Slapshot by Andreas Martinsen.
9:43 of 2nd period - Shot Misses the Net.
9:59 of 2nd period - Brandon Mashinter is hit by Dominik Masin and loses puck.
10:16 of 2nd period - Garrett Mitchell is hit by Keaton Thompson and loses puck.
10:31 of 2nd period - Brad Malone is hit by Brock McGinn and loses puck.
11:02 of 2nd period - Austin Carroll is hit by Brandon Mashinter and loses puck.
11:23 of 2nd period - Snap shot by Pascal Pelletier.
11:23 of 2nd period - Stopped by David Rittich without a rebound.
11:24 of 2nd period - Peter Holland wins face-off versus Casey Bailey in Rochester Americans zone.
11:24 of 2nd period - Peter Holland is hit by Daniel Zaar.
11:30 of 2nd period - Slapshot by Andreas Martinsen.
11:30 of 2nd period - Shot Misses the Net.
11:32 of 2nd period - Slapshot by Brett Lernout.
11:32 of 2nd period - Shot Blocked by Julius Bergman.
11:34 of 2nd period - Snap shot by Andreas Martinsen.
11:34 of 2nd period - Shot Blocked by Julius Bergman.
11:36 of 2nd period - Wrist shot by Andreas Martinsen.
11:36 of 2nd period - Shot Blocked by Mike Weber.
11:38 of 2nd period - Snap shot by Peter Holland.
11:38 of 2nd period - Stopped by Antoine Bibeau with a rebound.
11:48 of 2nd period - Julius Bergman is hit by Seth Griffith and loses puck.
11:57 of 2nd period - Seth Griffith is hit by Julius Bergman and loses puck.
12:12 of 2nd period - Jordan Subban is hit by Austin Carroll and loses puck.
12:51 of 2nd period - Blake Siebenaler is hit by Michael Chaput and loses puck.
13:17 of 2nd period - Slapshot by Brock McGinn.
13:17 of 2nd period - Shot Misses the Net.
13:49 of 2nd period - Dominik Masin is hit by Max Friberg and loses puck.
13:54 of 2nd period - Snap shot by Max Friberg.
13:54 of 2nd period - Shot Misses the Net.
13:56 of 2nd period - Slapshot by Max Friberg.
13:56 of 2nd period - Stopped by David Rittich without a rebound.
13:57 of 2nd period - Casey Bailey wins face-off versus Michael Chaput in Rochester Americans zone.
13:58 of 2nd period - Snap shot by Brandon Mashinter.
13:58 of 2nd period - Stopped by David Rittich with a rebound.
14:06 of 2nd period - Backhand shot by Tyler Bertuzzi.
14:06 of 2nd period - Stopped by Antoine Bibeau with a rebound.
14:08 of 2nd period - Slapshot by Steven Kampfer.
14:08 of 2nd period - Stopped by Antoine Bibeau with a rebound.
14:12 of 2nd period - Wrist shot by Seth Griffith.
14:12 of 2nd period - Stopped by Antoine Bibeau without a rebound.
14:13 of 2nd period - Peter Holland wins face-off versus Pascal Pelletier in Sherbrooke Phoenix zone.
14:18 of 2nd period - Snap shot by Brock McGinn.
14:18 of 2nd period - Stopped by Antoine Bibeau with a rebound.
14:20 of 2nd period - Snap shot by Dominik Masin.
14:20 of 2nd period - Stopped by Antoine Bibeau without a rebound.
14:21 of 2nd period - Brock McGinn wins face-off versus Pascal Pelletier in Sherbrooke Phoenix zone.
14:30 of 2nd period - Wrist shot by Peter Holland.
14:30 of 2nd period - Stopped by Antoine Bibeau with a rebound.
14:32 of 2nd period - Snap shot by Andreas Martinsen.
14:32 of 2nd period - Stopped by Antoine Bibeau without a rebound.
14:33 of 2nd period - Peter Holland wins face-off versus Casey Bailey in Sherbrooke Phoenix zone.
14:42 of 2nd period - Snap shot by Brock McGinn.
14:42 of 2nd period - Goal by Brock McGinn - Rochester Americans : 1 - Sherbrooke Phoenix : 1.
14:43 of 2nd period - Peter Holland wins face-off versus Casey Bailey in neutral zone.
14:49 of 2nd period - Minor Penalty to Brandon Mashinter for High sticking.
14:50 of 2nd period - Peter Holland wins face-off versus Casey Bailey in Sherbrooke Phoenix zone.
14:53 of 2nd period - Slapshot by Peter Holland.
14:53 of 2nd period - Stopped by Antoine Bibeau without a rebound.
14:54 of 2nd period - Casey Bailey wins face-off versus Peter Holland in Sherbrooke Phoenix zone.
15:00 of 2nd period - Icing by Brett Lernout.
15:01 of 2nd period - Peter Holland wins face-off versus Casey Bailey in Rochester Americans zone.
15:10 of 2nd period - Slapshot by Steven Kampfer.
15:10 of 2nd period - Shot Misses the Net.
15:12 of 2nd period - Snap shot by Brett Lernout.
15:12 of 2nd period - Stopped by Antoine Bibeau with a rebound.
15:14 of 2nd period - Snap shot by Brock McGinn.
15:14 of 2nd period - Stopped by Antoine Bibeau with a rebound.
15:16 of 2nd period - Slapshot by Brett Lernout.
15:16 of 2nd period - Stopped by Antoine Bibeau with a rebound.
15:18 of 2nd period - Snap shot by Brock McGinn.
15:18 of 2nd period - Goal by Brock McGinn - Rochester Americans : 2 - Sherbrooke Phoenix : 1.
15:19 of 2nd period - Peter Holland wins face-off versus Casey Bailey in neutral zone.
15:29 of 2nd period - Snap shot by Daniel Zaar.
15:29 of 2nd period - Shot Misses the Net.
15:31 of 2nd period - Slapshot by Tommy Cross.
15:31 of 2nd period - Deflect By Peter Holland.
15:31 of 2nd period - Stopped by David Rittich with a rebound.
15:33 of 2nd period - Wrist shot by Daniel Zaar.
15:33 of 2nd period - Shot Blocked by Brock McGinn.
15:35 of 2nd period - Backhand shot by Tommy Cross.
15:35 of 2nd period - Deflect By Brandon Mashinter.
15:35 of 2nd period - Stopped by David Rittich with a rebound.
16:11 of 2nd period - Francis Perron is hit by Brett Lernout and loses puck.
16:28 of 2nd period - Snap shot by Tyler Bertuzzi.
16:28 of 2nd period - Shot Blocked by Julius Bergman.
16:30 of 2nd period - Wrist shot by Michael Chaput.
16:30 of 2nd period - Stopped by Antoine Bibeau with a rebound.
17:11 of 2nd period - Off-side.
17:12 of 2nd period - Austin Carroll wins face-off versus Conner Bleackley in neutral zone.
17:23 of 2nd period - Conner Bleackley is hit by Anton Blidh and loses puck.
17:38 of 2nd period - Brock McGinn is hit by Brad Malone and loses puck.
18:07 of 2nd period - Keaton Thompson is hit by Tommy Cross and loses puck.
18:49 of 2nd period - Brandon Mashinter is hit by Andreas Martinsen and loses puck.
Goals for this period are 2 for Rochester Americans vs 1 for Sherbrooke Phoenix.
Shots for this period are 17 for Rochester Americans vs 14 for Sherbrooke Phoenix.

3rd period


0:01 of 3rd period - Peter Holland wins face-off versus Casey Bailey in neutral zone.
0:16 of 3rd period - Wrist shot by Peter Holland.
0:16 of 3rd period - Shot Misses the Net.
1:57 of 3rd period - Snap shot by Anton Blidh.
1:57 of 3rd period - Stopped by Antoine Bibeau without a rebound.
1:58 of 3rd period - Brad Malone wins face-off versus Luke Kunin in Sherbrooke Phoenix zone.
2:25 of 3rd period - Blake Siebenaler is hit by Brock McGinn and loses puck.
2:44 of 3rd period - Brandon Mashinter is hit by Seth Griffith and loses puck.
3:06 of 3rd period - Off-side.
3:07 of 3rd period - Luke Kunin wins face-off versus Pascal Pelletier in neutral zone.
3:31 of 3rd period - Justin Florek is hit by Philip Samuelsson and loses puck.
3:38 of 3rd period - Slapshot by Luke Kunin.
3:38 of 3rd period - Stopped by Antoine Bibeau without a rebound.
3:39 of 3rd period - Brad Malone wins face-off versus Peter Holland in Sherbrooke Phoenix zone.
3:51 of 3rd period - Icing by Brett Lernout.
3:52 of 3rd period - Casey Bailey wins face-off versus Andreas Martinsen in Rochester Americans zone.
3:53 of 3rd period - Snap shot by Brandon Mashinter.
3:53 of 3rd period - Shot Blocked by Steven Kampfer.
4:01 of 3rd period - Wrist shot by Andreas Martinsen.
4:01 of 3rd period - Shot Misses the Net.
4:03 of 3rd period - Snap shot by Andreas Martinsen.
4:03 of 3rd period - Stopped by Antoine Bibeau with a rebound.
4:05 of 3rd period - Slapshot by Brett Lernout.
4:05 of 3rd period - Shot Misses the Net.
4:07 of 3rd period - Slapshot by Peter Holland.
4:07 of 3rd period - Goal by Peter Holland - Rochester Americans : 3 - Sherbrooke Phoenix : 1.
4:08 of 3rd period - Casey Bailey wins face-off versus Peter Holland in neutral zone.
4:15 of 3rd period - Snap shot by Peter Holland.
4:15 of 3rd period - Shot Blocked by Tommy Cross.
4:21 of 3rd period - Snap shot by Daniel Zaar.
4:21 of 3rd period - Deflect By Brandon Mashinter.
4:21 of 3rd period - Shot Blocked by Brett Lernout.
4:21 of 3rd period - Puck is out of play.
4:22 of 3rd period - Michael Chaput wins face-off versus Casey Bailey in Rochester Americans zone.
4:22 of 3rd period - Michael Chaput is hit by Tommy Cross.
4:56 of 3rd period - Wrist shot by Brad Malone.
4:56 of 3rd period - Shot Misses the Net.
4:58 of 3rd period - Slapshot by Mike Weber.
4:58 of 3rd period - Stopped by David Rittich with a rebound.
5:00 of 3rd period - Snap shot by Garrett Mitchell.
5:00 of 3rd period - Stopped by David Rittich with a rebound.
6:58 of 3rd period - Wrist shot by Brock McGinn.
6:58 of 3rd period - Shot Misses the Net.
7:00 of 3rd period - Snap shot by Brock McGinn.
7:00 of 3rd period - Shot Misses the Net.
7:11 of 3rd period - Icing by Mike Weber.
7:12 of 3rd period - Conner Bleackley wins face-off versus Adam Tambellini in Sherbrooke Phoenix zone.
7:38 of 3rd period - Wrist shot by Seth Griffith.
7:38 of 3rd period - Stopped by Antoine Bibeau without a rebound.
7:39 of 3rd period - Pascal Pelletier wins face-off versus Luke Kunin in Sherbrooke Phoenix zone.
7:46 of 3rd period - Wrist shot by Pascal Pelletier.
7:46 of 3rd period - Shot Misses the Net.
7:48 of 3rd period - Wrist shot by Tommy Cross.
7:48 of 3rd period - Shot Misses the Net.
7:50 of 3rd period - Wrist shot by Jordan Subban.
7:50 of 3rd period - Shot Misses the Net.
7:52 of 3rd period - Slapshot by Pascal Pelletier.
7:52 of 3rd period - Shot Misses the Net.
7:54 of 3rd period - Wrist shot by Casey Bailey.
7:54 of 3rd period - Stopped by David Rittich with a rebound.
8:04 of 3rd period - Garrett Mitchell is hit by Michael Chaput and loses puck.
8:29 of 3rd period - Snap shot by Max Friberg.
8:29 of 3rd period - Shot Misses the Net.
8:31 of 3rd period - Slapshot by Casey Bailey.
8:31 of 3rd period - Shot Misses the Net.
8:33 of 3rd period - Slapshot by Jordan Subban.
8:33 of 3rd period - Stopped by David Rittich with a rebound.
8:35 of 3rd period - Slapshot by Tommy Cross.
8:35 of 3rd period - Goal by Tommy Cross - Rochester Americans : 3 - Sherbrooke Phoenix : 2.
8:36 of 3rd period - Peter Holland wins face-off versus Casey Bailey in neutral zone.
8:49 of 3rd period - Wrist shot by Casey Bailey.
8:49 of 3rd period - Shot Misses the Net.
8:51 of 3rd period - Slapshot by Brandon Mashinter.
8:51 of 3rd period - Shot Misses the Net.
9:05 of 3rd period - Wrist shot by Brad Malone.
9:05 of 3rd period - Shot Blocked by Peter Holland.
9:11 of 3rd period - Tommy Hughes is hit by Brock McGinn and loses puck.
9:26 of 3rd period - Slapshot by Peter Holland.
9:26 of 3rd period - Stopped by Antoine Bibeau with a rebound.
9:28 of 3rd period - Wrist shot by Andreas Martinsen.
9:28 of 3rd period - Goal by Andreas Martinsen - Rochester Americans : 4 - Sherbrooke Phoenix : 2.
9:29 of 3rd period - Michael Chaput wins face-off versus Casey Bailey in neutral zone.
9:39 of 3rd period - Wrist shot by Casey Bailey.
9:39 of 3rd period - Shot Misses the Net.
9:41 of 3rd period - Wrist shot by Brandon Mashinter.
9:41 of 3rd period - Stopped by David Rittich with a rebound.
9:43 of 3rd period - Slapshot by Jordan Subban.
9:43 of 3rd period - Deflect By Seth Griffith.
9:43 of 3rd period - Stopped by David Rittich with a rebound.
10:29 of 3rd period - Snap shot by Francis Perron.
10:29 of 3rd period - Stopped by David Rittich with a rebound.
10:37 of 3rd period - Slapshot by Andreas Martinsen.
10:37 of 3rd period - Shot Misses the Net.
11:08 of 3rd period - Off-side.
11:09 of 3rd period - Adam Tambellini wins face-off versus Pascal Pelletier in neutral zone.
11:18 of 3rd period - Slapshot by Jordan Subban.
11:18 of 3rd period - Shot Misses the Net.
11:20 of 3rd period - Snap shot by Pascal Pelletier.
11:20 of 3rd period - Goal by Pascal Pelletier - Rochester Americans : 4 - Sherbrooke Phoenix : 3.
11:21 of 3rd period - Peter Holland wins face-off versus Casey Bailey in neutral zone.
11:37 of 3rd period - Slapshot by Tommy Cross.
11:37 of 3rd period - Shot Misses the Net.
12:11 of 3rd period - Snap shot by Luke Kunin.
12:11 of 3rd period - Shot Misses the Net.
12:13 of 3rd period - Backhand shot by Steven Kampfer.
12:13 of 3rd period - Shot Blocked by Julius Bergman.
12:21 of 3rd period - Wrist shot by Anton Blidh.
12:21 of 3rd period - Shot Blocked by Conner Bleackley.
12:31 of 3rd period - Wrist shot by Peter Holland.
12:31 of 3rd period - Shot Misses the Net.
12:33 of 3rd period - Snap shot by Markus Nutivaara.
12:33 of 3rd period - Stopped by Antoine Bibeau with a rebound.
12:35 of 3rd period - Slapshot by Markus Nutivaara.
12:35 of 3rd period - Shot Blocked by Mike Weber.
12:37 of 3rd period - Wrist shot by Markus Nutivaara.
12:37 of 3rd period - Shot Blocked by Mike Weber.
13:25 of 3rd period - Wrist shot by Keaton Thompson.
13:25 of 3rd period - Shot Blocked by Justin Florek.
13:27 of 3rd period - Wrist shot by Luke Kunin.
13:27 of 3rd period - Stopped by Antoine Bibeau with a rebound.
13:29 of 3rd period - Wrist shot by Anton Blidh.
13:29 of 3rd period - Shot Misses the Net.
13:31 of 3rd period - Slapshot by Austin Carroll.
13:31 of 3rd period - Stopped by Antoine Bibeau with a rebound.
13:33 of 3rd period - Snap shot by Dominik Masin.
13:33 of 3rd period - Stopped by Antoine Bibeau without a rebound.
13:34 of 3rd period - Brad Malone wins face-off versus Michael Chaput in Sherbrooke Phoenix zone.
13:39 of 3rd period - Snap shot by Max Friberg.
13:39 of 3rd period - Stopped by David Rittich with a rebound.
13:41 of 3rd period - Snap shot by Brad Malone.
13:41 of 3rd period - Stopped by David Rittich without a rebound.
13:42 of 3rd period - Brad Malone wins face-off versus Michael Chaput in Rochester Americans zone.
13:57 of 3rd period - Snap shot by Brad Malone.
13:57 of 3rd period - Shot Misses the Net.
14:15 of 3rd period - Wrist shot by Peter Holland.
14:15 of 3rd period - Stopped by Antoine Bibeau with a rebound.
14:35 of 3rd period - Tommy Cross is hit by Anton Blidh and loses puck.
14:56 of 3rd period - Snap shot by Michael Chaput.
14:56 of 3rd period - Shot Misses the Net.
17:42 of 3rd period - Markus Nutivaara is hit by Pascal Pelletier and loses puck.
18:30 of 3rd period - Julius Bergman is hit by Seth Griffith and loses puck.
19:27 of 3rd period - Sherbrooke Phoenix, Antoine Bibeau is pulled from the net.
Goals for this period are 2 for Rochester Americans vs 2 for Sherbrooke Phoenix.
Shots for this period are 12 for Rochester Americans vs 11 for Sherbrooke Phoenix.